 Dungeon Crawl Stone Soup version 0.23.2-33-g5129a83184 (webtiles) character file.

Game seed: 14308470544384946924

35 Atelerd the Magician (level 3, 0/21 HPs)
             Began as an Octopode Wizard on July 10, 2019.
             Succumbed to an adder's poison
             ... on level 2 of the Dungeon.
             The game lasted 00:01:47 (1208 turns).

Atelerd the Magician (Octopode Wizard)              Turns: 1208, Time: 00:01:47

Health: 0/21       AC:  1    Str:  6    XL:     3   Next: 35%
Magic:  1/7        EV: 13    Int: 21    God:
Gold:   19         SH:  0    Dex: 10    Spells: 2/8 levels left

rFire    . . .     SeeInvis .   g - +0 short sword
rCold    . . .     Gourm    .   (no shield)
rNeg     . . .     Faith    .   a - +0 hat
rPois    .         Spirit   .   (no amulet)
rElec    .         Reflect  .   (no ring)
rCorr    .         Harm     .   (no ring)
MR       .....                  (no ring)
Stlth    +++.......             (no ring)
HPRegen  0.07/turn              (no ring)
MPRegen  0.10/turn              (no ring)
                                (no ring)
                                (no ring)

@: lethally poisoned (0 -> -8)
A: almost no armour, stealthy swim, amphibious, 8 rings, constrict 8, camouflage
1, gelatinous body 1
a: no special abilities


You were on level 2 of the Dungeon.
You were hungry.

You visited 1 branch of the dungeon, and saw 2 of its levels.

You collected 19 gold pieces.

Inventory:

Hand Weapons
 g - a +0 short sword (weapon)
Armour
 a - a +0 hat (worn)
Jewellery
 b - a +5 amulet of reflection {unknown}
Scrolls
 f - a scroll of magic mapping {unknown}
 h - a scroll of fear {unknown}
 k - a scroll of teleportation {unknown}
Potions
 d - a potion of flight {unknown}
 i - a potion of heal wounds
Comestibles
 c - a ration


   Skills:
 - Level 2.0 Dodging
 - Level 2.6 Stealth
 + Level 3.3 Spellcasting
 * Level 2.6 Conjurations
   Level 1.0 Summonings
 - Level 1.0 Translocations


You had 2 spell levels left.
You knew the following spells:

 Your Spells              Type           Power        Failure   Level  Hunger
a - Magic Dart            Conj           ##..         4%          1    None
b - Mephitic Cloud        Conj/Pois/Air  #.......     26%         3    ###....
c - Blink                 Tloc           N/A          13%         2    ##.....

Your spell library contained the following spells:

 Spells                   Type           Power        Failure   Level  Hunger
 Call Imp                 Summ           #.......     13%         2    ##.....
 Slow                     Hex            #.......     19%         2    ##.....
 Conjure Flame            Conj/Fire      #.......     22%         3    ###....


Dungeon Overview and Level Annotations

Branches:
Dungeon (2/15)

Altars:


Innate Abilities, Weirdness & Mutations

You cannot wear most types of armour.
You are very stealthy in the water. (Stealth+)
You are amphibious.
You can wear up to eight rings at the same time.
You can use your tentacles to constrict eight enemies at once.
Your skin changes colour to match your surroundings (Stealth+).
Your rubbery body absorbs attacks. (AC +1, EV +1)


Message History

You feel sick. The adder barely misses you.
The goblin hits you with a cursed -2 club.
* * * LOW HITPOINT WARNING * * *
The adder completely misses you.
Unknown command.
Okay, then.
Unknown command.
Quiver which item? (- for none, * to show all) (? for menu, Esc to quit)
Okay, then.
There is a lethal amount of poison in your body!
There is a lethal amount of poison in your body!
There is a lethal amount of poison in your body!
There is a lethal amount of poison in your body!
* * * LOW HITPOINT WARNING * * *
You feel sick. The adder bites you.
* * * LOW HITPOINT WARNING * * *
You are more poisoned.
The adder poisons you! The goblin closely misses you.
The adder barely misses you.
You die...

###########
#.#..#
..........#
#.#..#
#########.#
..... #.#
#.#.# #.#
#.#§# #.#
#.#.#
#.#######.#.#
#.#......g..#
#.......@Ss.#
#.#..#.###..#
?g....††...#
#..#
####..#....#
#..#
#.$......#
#....
#...#...##
#......
#########
###......
#...## ...#


You could see an adder, a giant cockroach and a goblin.

Vanquished Creatures
  3 dart slugs
  2 leopard geckos
  A ball python (D:1)
  2 giant cockroaches (D:1)
  2 goblins
  4 hobgoblins
  A bat (D:1)
  2 frilled lizards (D:1)
  5 kobolds (D:1)
  5 rats (D:1)
27 creatures vanquished.

Notes
Turn   | Place    | Note
-------+----------+-------------------------------------------
     0 | D:1      | Atelerd the Octopode Wizard began the quest for the Orb.
     0 | D:1      | Reached XP level 1. HP: 11/11 MP: 4/4
   196 | D:1      | Reached XP level 2. HP: 16/17 MP: 6/6
   741 | D:1      | Reached XP level 3. HP: 21/21 MP: 7/7
   746 | D:1      | Learned a level 3 spell: Mephitic Cloud
   749 | D:1      | Learned a level 2 spell: Blink
  1206 | D:2      | HP: 1/21 [adder (4)]
  1208 | D:2      | Succumbed to an adder's poison

Skill      XL: |  1  2 |
---------------+-------+-----
Conjurations   | 2 |  2.6
Dodging        | |  2.0
Stealth        | |  2.6
Spellcasting   | |  3.3
Summonings     | |  1.0
Translocations | |  1.0

Action                   || total
-------------------------++-------
Melee: Unarmed           ||    38
       Constrict         ||    13
       Tentacles         ||     7
       Short sword       ||    22
 Cast: Magic Dart        ||    20
       Blink             ||     1
  Use: Potion            ||     2
       Scroll            ||     1
 Stab: Sleeping          ||     5
Armor: Skin              ||    10
Dodge: Dodged            ||    56
